 Dungeon Crawl Stone Soup version 0.31-a0-948-gf5be29c462 (webtiles) character file.

Game seed: 10729182143502496429

40 Azuregosa the Sneak (level 3, -3/26 HPs)
             Began as an Octopode Delver on Oct 21, 2023.
             Slain by a river rat (4 damage)
             ... in a sewer.
             The game lasted 00:02:52 (215 turns).

Azuregosa the Sneak (Octopode Delver)                Turns: 215, Time: 00:02:52

Health: -3/26      AC:  1    Str: 11    XL:     3   Next: 50%
Magic:  3/3        EV: 14    Int: 12    God:
Gold:   15         SH:  0    Dex: 15    Spells: 2/2 levels left

rFire   . . .        a - +0 spear
rCold   . . .        (no shield)
rNeg    . . .        (helmet restricted)
rPois   .            (no amulet)
rElec   .            (no ring)
rCorr   .            (no ring)
SInv    .            (no ring)
Will    .....        (no ring)
Stlth   ++++         (no ring)
HPRegen 0.24/turn    (no ring)
MPRegen 0.08/turn    (no ring)
                     (no ring)

%: no passive effects
@: no status effects
A: almost no armour, amphibious, 8 rings, camouflage 1, gelatinous body 1,
(nimble swimmer 1), tentacles
a: no special abilities


You were in a sewer.
You visited 1 branch of the dungeon, and saw 1 of its levels.
You also visited: Sewer.

You collected 15 gold pieces.

Inventory:

Hand Weapons
 a - a +0 spear (weapon)
Wands
 f - a wand of digging (3)
Scrolls
 b - a scroll of fog
 c - a scroll of teleportation {unknown}
 d - a scroll of fear
 h - a scroll of identify {unknown}
Potions
 e - 2 potions of haste
 g - a potion of magic {unknown}
 i - a potion of degeneration {unknown}


   Skills:
 - Level 3.0 Fighting
 - Level 2.0 Polearms
 + Level 3.8 Dodging
 - Level 6.6 Stealth


You had 2 spell levels left.
You didn't know any spells.
Your spell library was empty.

Dungeon Overview and Level Annotations

Branches:
Dungeon (5/15)              Sewer (1/1)
 Temple: D:4-7

Altars:


Innate Abilities, Weirdness & Mutations

You cannot wear most types of armour.
You are amphibious.
You can wear up to eight rings at the same time.
Your skin changes colour to match your surroundings (Stealth+).
Your rubbery body absorbs attacks. (AC +1, EV +1)
((You are camouflaged when in or above water. (Stealth+)))
You have tentacles for arms and can constrict up to eight enemies at once.


Message History

The river rat is moderately wounded.
The river rat bites you!
You hit the river rat. You grab the river rat.
The river rat is heavily wounded.
You constrict the river rat, but do no damage.
The river rat completely misses you.
You barely miss the river rat.
The river rat is heavily wounded.
You constrict the river rat, but do no damage.
The river rat closely misses you.
You hit the river rat. You squeeze the river rat.
The river rat is almost dead.
You constrict the river rat.
You kill the river rat!
You hit the river rat. Your grab misses the river rat.
Your squeeze misses the river rat.
The river rat is moderately wounded.
The river rat bites you but does no damage.
You barely miss the river rat. Your grab misses the river rat.
You squeeze the river rat.
The river rat is severely wounded.
The river rat bites you.
You barely miss the river rat. Your grab misses the river rat.
Your squeeze misses the river rat.
The river rat is severely wounded.
The river rat bites you!
* * * LOW HITPOINT WARNING * * *
You closely miss the river rat. Your grab misses the river rat.
Your squeeze misses the river rat.
The river rat is severely wounded.
The river rat bites you.
* * * LOW HITPOINT WARNING * * *
You barely miss the river rat. You grab the river rat.
The river rat is severely wounded.
You constrict the river rat. The river rat barely misses you.
You barely miss the river rat.
The river rat is almost dead.
You constrict the river rat, but do no damage.
The river rat bites you.
You die...

## ## #.# #.# #.### #.#
#..##.# ##†#.# #@#.## #r###.#
#.###†## #.#..##
#############~###############
≈≈≈≈≈≈#≈~...~.~.......~~..~~~
≈≈≈≈≈≈#≈~.~~~...~~..††~.~~~~~
#############################


You could see a river rat.

Vanquished Creatures
  2 river rats (Sewer)
  2 ball pythons (Sewer)
  2 giant cockroaches (D:5)
  4 quokkas (D:5)
  A frilled lizard (Sewer)
  15 rats (Sewer)
26 creatures vanquished.

Notes
Turn   | Place    | Note
-------+----------+-------------------------------------------
     0 | D:5      | Azuregosa the Octopode Delver began the quest for the Orb.
     0 | D:5      | Reached XP level 1. HP: 16/16 MP: 1/1
    42 | D:5      | Found a glowing drain.
    63 | D:5      | Reached XP level 2. HP: 18/21 MP: 2/2
    69 | Sewer    | Entered a sewer
   114 | Sewer    | Reached XP level 3. HP: 26/26 MP: 3/3
   213 | Sewer    | HP: 1/26 [river rat (5)]
   215 | Sewer    | Slain by a river rat

Illustrated notes

Levels and vault maps discovered:
D:5:      layout_loops_corners, mainiacjoe_overflow_alcove_1,
          portal_sewer_entry_f, dk_noncrumbling_3, small_statue_intersection,
          uniq_pikel, uniq_eustachio
Sewer:    sewer_co_cracked_pipes

Skill      XL: |  1  2 |
---------------+-------+-----
Dodging        | 3 |  3.8
Fighting       | |  3.0
Polearms       | |  2.0
Stealth        | |  6.6

Action                     || total
---------------------------++-------
  Melee: Spear             ||    51
         Constrict         ||     7
         Tentacles         ||     4
    Use: Scroll            ||     1
   Stab: Sleeping          ||    15
 Armour: Skin              ||    12
  Dodge: Dodged            ||    17

Table legend: (Time is in decaauts)
 A = Elapsed time spent in this place.
 B = Non-inter-level travel time spent in this place.
 C = Inter-level travel time spent in this place.
 D = Time resting spent in this place.
 E = Time spent auto-exploring this place.
 F = Levels seen in this place.
 G = Mean time per level.
                   A        B        C        D        E       F      G
               +--------+--------+--------+--------+--------+-----+--------+
         Total |    214 |    214 |      0 |     28 |      0 |   2 |  107.0 |
       Dungeon |     69 |     69 |      0 |     22 |      0 |   1 |   69.0 |
         Sewer |    145 |    145 |      0 |      6 |      0 |   1 |  145.0 |
               +--------+--------+--------+--------+--------+-----+--------+

Top non-repeatable levels by time:
   Sewer: 145 daAuts
     D:5: 69 daAuts
